Cogmind - Beta 15 @@@ ROGUE MODE // 2025.08.19 @ 16:06:38 Player: winnking222 Result: Destroyed by as-63340 with Assembled Rifle Performance ------------- Evolutions (0) 0 Regions Visited (2) 400 Robots Destroyed (26) 130 Value Destroyed (556) 556 Prototype IDs (0) 0 Alien Tech Used (0) 0 Bonus (0) 0 TOTAL SCORE: 1086 Bonus ------- None Cogmind --------- Core Integrity 0/250 Matter 183/300 Energy 250/250 System Corruption 0% Temperature Cool (0) Movement Rolling (125) Ox3 Location -10/Mines Parts ------- > --- POWER (1) -------- Ion Engine > --- PROPULSION (2) --- Light Treads Wheel > --- UTILITY (2) ------ Large Storage Unit Seismic Detector > --- WEAPON (2) ------- Light Cannon Light Cannon > --- INVENTORY (15) --- Ion Engine Seismic Detector Light Assault Rifle Peak State ------------ > --- POWER ------------ Light Ion Engine > --- PROPULSION ------- Light Treads Light Treads > --- UTILITY ---------- Small Storage Unit Seismic Detector > --- WEAPON ----------- Assault Rifle Light Assault Rifle > --- INVENTORY -------- Ion Engine Aluminum Leg Aluminum Leg Wheel Seismic Detector Light Assault Rifle [Rating: 7] Favorites ----------- Power Ion Engine Engine Ion Engine Propulsion Light Treads Treads Light Treads Wheel Wheel Utility Seismic Detector Device Seismic Detector Storage Small Storage Unit Weapon Assault Rifle Ballistic Gun Assault Rifle Ballistic Cannon Light Cannon Launcher Grenade Launcher Build | -11 -10 -10 ------- Run | Yrd Mat Min Slots Evolved . | . . . Power . | . . . Propulsion . | . . . Utility . | . . . Weapon . | . . . Parts Attached 16 | 8 4 4 Power 2 | 1 1 . Engine 2 | 1 1 . Core . | . . . Reactor . | . . . Propulsion 4 | 3 . 1 Treads 3 | 2 . 1 Leg . | . . . Wheel 1 | 1 . . Hover . | . . . Flight . | . . . Utility 4 | 2 2 . Device 2 | 1 1 . Storage 2 | 1 1 . Processor . | . . . Hackware . | . . . Protection . | . . . Artifact . | . . . Weapon 6 | 2 1 3 Energy Gun . | . . . Energy Cannon . | . . . Ballistic Gun 2 | 2 . . Ballistic Cannon 2 | . . 2 Launcher 2 | . 1 1 Special Weapon . | . . . Impact Weapon . | . . . Slashing Weapon . | . . . Piercing Weapon . | . . . Special Melee Weapon . | . . . Unidentified Prototypes . | . . . Parts Lost 6 | . 1 5 Power . | . . . Propulsion 2 | . . 2 Utility . | . . . Weapon 4 | . 1 3 Highest Loss Streak 4 | . 1 4 To Critical Strikes . | . . . Average Backups 6 | 5 6 6 Power . | . 1 1 Propulsion 2 | 2 2 1 Utility . | . . 1 Weapon 2 | 1 2 2 Tool/Special . | . . . Unused Backups 5 | . 2 3 Power 1 | . . 1 Propulsion 2 | . 2 . Utility 1 | . . 1 Weapon 1 | . . 1 Tool/Special . | . . . Average Slot Usage (%) 98 | . 100 95 Engine 14 | . 14 14 Treads 26 | . 28 23 Device 14 | . 14 14 Storage 14 | . 14 14 Ballistic Gun 18 | . 23 9 Ballistic Cannon 3 | . . 8 Launcher 6 | . 4 9 Peak Build Rating 7 | 7 7 7 Average Rating 6 | 5 6 6 On Entrance 4 | . 7 7 Naked Turns . | . . . Heaviest Build 32 | 12 31 32 Greatest Support 40 | 40 40 40 Greatest Overweight (x) 3 | . . 3 Average Overweight (x) . | . . . Largest Inventory Capacity 15 | 8 15 15 Average Capacity 10 | 7 8 15 Most Carried 8 | 7 8 8 Average Carried 6 | 5 6 6 Final Capacity 15 | 8 15 15 Final Carried 7 | 6 7 3 Class Distribution -------------------- 100% | Mutant Dominant Class ---------------- Mutant | -10/Materials Mutant | -10/Mines Resources | -11 -10 -10 ----------- Run | Yrd Mat Min Matter Collected 729 | 353 253 123 Remotely . | . . . Salvage Created 536 | 138 369 29 Parts 44 | 16 24 4 Haulers Intercepted . | . . . Recyclers Shooed 1 | . 1 . Parts Field Recycled . | . . . Retrieved Matter . | . . . Parts Self-Destructed . | . . . Prevented . | . . . Kills | -11 -10 -10 ------- Run | Yrd Mat Min Combat Hostiles Destroyed 21 | . 14 7 Guns 11 | . 11 . Cannons 5 | . . 5 AOE 5 | . 3 2 Classes Destroyed 6 | 1 3 2 Tunneler 7 | 7 . . Watcher 1 | . 1 . Swarmer 8 | . 6 2 Grunt 8 | . 8 . Demolisher 2 | . . 2 Assembled 3 | . . 3 Best Kill Streak 4 | 2 2 4 Combat Bots Only 4 | . 2 4 Max Kills in Single Turn 2 | 1 2 2 Gunslinging . | . . . Exploded 2 | . 2 2 Melee . | . . . Uniques/NPCs Destroyed . | . . . Combat | -11 -10 -10 -------- Run | Yrd Mat Min Hostile Shots Fired 109 | . 74 35 Missed 31 | . 20 11 Hits 78 | . 54 24 Projectile 78 | . 54 24 AOE 10 | . . 10 Damage Taken 1081 | . 480 601 Core 251 | . 74 177 Absorbed by Shields . | . . . Core Remaining (%) 100 | 100 . . Volleys Fired 94 | 21 52 21 Largest 2 | 2 2 2 Hottest 60 | 40 50 60 Shots Fired 184 | 42 101 41 Gun 141 | 42 96 3 Cannon 32 | . . 32 Launcher 11 | . 5 6 Special . | . . . Kinetic 173 | 42 96 35 Thermal . | . . . Explosive 11 | . 5 6 Electromagnetic . | . . . Robot Hit Streak 7 | 7 7 6 Robot Miss Streak 5 | 3 5 2 Penetration Max . | . . . Secondary Targets 1 | . 1 . Max Gunslinging Chain 1 | . 1 . Shots Hit Robots 96 | 27 46 23 Core Hits 53 | 12 27 14 Critical Kills 1 | . 1 . Critical Parts Destroyed 2 | . 2 . Critical Strikes 4 | . 3 1 Destroy 3 | . 3 . Blast 1 | . . 1 Melee Attacks . | . . . Impact . | . . . Slashing . | . . . Piercing . | . . . Sneak Attacks . | . . . Combat Hostiles . | . . . Follow-up Attacks . | . . . Damage Inflicted 1599 | 301 764 534 Guns 896 | 301 582 13 Cannons 285 | . . 285 Explosions 385 | . 160 225 Melee . | . . . Ramming 33 | . 22 11 Kinetic 1181 | 301 582 298 Thermal . | . . . Explosive 385 | . 160 225 Electromagnetic . | . . . Impact . | . . . Slashing . | . . . Piercing . | . . . Highest Corruption . | . . . Average Corruption . | . . . Corruption Purged . | . . . Corruption Blocked . | . . . Overload Shots . | . . . Overflow Damage 2 | . . 2 Projectiles 1 | . . 1 Explosions 1 | . . 1 Melee . | . . . Knockbacks 4 | . . 4 Impact . | . . . Kinetic 3 | . . 3 Secondary 1 | . . 1 Self-Inflicted Damage 60 | . . 60 Shots 3 | . . 3 Rammed 8 | . 6 2 Targets Rammed 8 | . 6 2 Kicked . | . . . Crushed . | . . . Highest Temperature 7 | . 7 . Average Temperature 5 | . 5 . Received Heat Transfer 93 | . 93 . Siege Activations . | . . . Martial Activations . | . . . Shielding Activations . | . . . Robots Disrupted . | . . . Combat Hostiles . | . . . Robots Corrupted . | . . . Combat Hostiles . | . . . Parts Fried . | . . . Impact Corruptions 1 | . . 1 Robots Melted . | . . . Combat Hostiles . | . . . Parts Melted . | . . . Heat Transferred . | . . . Parts Sabotaged . | . . . Parts Stolen . | . . . Parts Stripped . | . . . Power Chain Reactions . | . . . Alert | -11 -10 -10 ------- Run | Yrd Mat Min Maximum Alert Level . | . . . Low Security (%) 100 | 100 100 100 Level 1 . | . . . Level 2 . | . . . Level 3 . | . . . Level 4 . | . . . Level 5 . | . . . High Security . | . . . Max Security . | . . . Peak Influence 123 | 10 123 53 Initial 24 | . . 24 Average 38 | 1 69 5 Influence Increases 636 | 35 477 124 Destroy 0b10 Robot/C 360 | . 280 80 Destroy 0b10 Robot/NC 40 | 35 5 . Destroy Leader 92 | . 72 20 Allied During Kill 3 | . . 3 Successful Hack 18 | . 18 . Disable Machine 30 | . 30 . Destroy Structure 48 | . 27 21 Lose Combat Pursuer 45 | . 45 . Influence Decreases 636 | 35 414 187 Entered New Map 39 | . . 39 Time Decay 513 | 35 404 74 Lost Part 47 | . 10 37 Lost Ally 37 | . . 37 Squads Dispatched 4 | . 4 . Investigation 1 | . 1 . Extermination . | . . . Reinforcement 3 | . 3 . Assault . | . . . Garrison . | . . . Intercept . | . . . Searches Triggered . | . . . Construction Impeded . | . . . Haulers Reinforced . | . . . Active Scanning Responses . | . . . Cargo Convoy Interrupts . | . . . Stealth | -11 -10 -10 --------- Run | Yrd Mat Min Distress Signals 2 | . 2 . Communications Jammed . | . . . Distress Signals . | . . . Times Spotted 41 | . 30 11 Peak Tracking Total 6 | . 6 5 Tactical Retreats 3 | . 3 . Traps | -11 -10 -10 ------- Run | Yrd Mat Min Traps Triggered 2 | . 2 . Indirectly . | . . . Trap Hack Attempts . | . . . Triggered . | . . . Disarmed . | . . . Reprogrammed . | . . . Reused . | . . . Traps Extracted . | . . . Installed . | . . . Triggered . | . . . Machines | -11 -10 -10 ---------- Run | Yrd Mat Min Machines Disabled 3 | . 3 . Max in Single Turn 1 | . 1 . Machines Repaired . | . . . Machines Dismantled . | . . . Machines Sabotaged . | . . . Overloaded Fab Kills . | . . . Hacking | -11 -10 -10 --------- Run | Yrd Mat Min Machines Accessed 4 | . 4 . Terminals 4 | . 4 . Fabricators . | . . . Repair Stations . | . . . Recycling Units . | . . . Scanalyzers . | . . . Garrison Access . | . . . Total Hacks 15 | . 15 . Successful 10 | . 10 . Failed 5 | . 5 . Catastrophic . | . . . Database Lockouts . | . . . Manual 12 | . 12 . Terminals 15 | . 15 . Fabricators . | . . . Repair Stations . | . . . Recycling Units . | . . . Scanalyzers . | . . . Garrison Access . | . . . Terminal Hacks 2 | . 2 . Locate Traps 1 | . 1 . Hauler Manifests 1 | . 1 . Fabricator Hacks . | . . . Repair Station Hacks . | . . . Recycling Unit Hacks . | . . . Scanalyzer . | . . . Garrison Access Hacks . | . . . Unauthorized Hacks 8 | . 8 . Terminals 8 | . 8 . Botnet 4 | . 4 . Skim 4 | . 4 . Fabricators . | . . . Repair Stations . | . . . Recycling Units . | . . . Scanalyzers . | . . . Garrison Access . | . . . Data Cores Recovered . | . . . Used . | . . . Hacking Detections 2 | . 2 . Full Trace Events 1 | . 1 . Feedback Events . | . . . Feedback Blocked . | . . . Robot Schematics Acquired . | . . . Robots Built . | . . . Authchips . | . . . Time . | . . . Total Robot Build Rating . | . . . Part Schematics Acquired . | . . . Parts Built . | . . . Authchips . | . . . Time . | . . . Total Part Build Rating . | . . . Parts Repaired . | . . . Time . | . . . Parts Recycled . | . . . Recycled Matter . | . . . Retrieved Matter . | . . . Retrieved Components . | . . . Parts Scanalyzed . | . . . Part Schematics Acquired . | . . . Parts Damaged . | . . . Bothacking | -11 -10 -10 ------------ Run | Yrd Mat Min Used RIF Installer . | . . . Robots Hacked . | . . . Non-combat . | . . . Combat . | . . . Robot Hacks Applied . | . . . Relay Couplers Released . | . . . Fabnet Peak Effective % . | . . . Robots Rewired . | . . . Allies Hacked . | . . . Hacks Repelled . | . . . Allies | -11 -10 -10 -------- Run | Yrd Mat Min Total Allies 2 | . . 2 Largest Group 2 | . . 2 Highest-Rated Group 45 | . . 45 Highest-Rated Ally 31 | . . 31 Total Orders . | . . . Ally Attacks 1 | . . 1 Total Damage . | . . . Kills . | . . . Allies Corrupted . | . . . Allies Melted . | . . . Intel | -11 -10 -10 ------- Run | Yrd Mat Min Active Infowar (turns) 1826 | 5 1097 724 Seismic 1826 | 5 1097 724 Robot Analysis Total . | . . . Derelict Logs Recovered 1 | . . 1 Drone Launches . | . . . Drone Recoveries . | . . . Exploration | -11 -10 -10 ------------- Run | Yrd Mat Min Turns Passed 2081 | 260 1097 724 Spaces Moved 1051 | 123 555 373 Core 11 | 11 . . Treads 1033 | 109 555 369 Legs . | . . . Wheels 7 | 3 . 4 Hover . | . . . Flight . | . . . Fastest Speed 50 | 50 160 125 Average Speed 163 | 148 160 174 Slowest Speed 240 | 160 160 240 Overloaded Moves . | . . . Propulsion Burnouts . | . . . Robots Hopped . | . . . Potential Cave-ins . | . . . Cave-ins Triggered . | . . . Exploration Rate (%) 58 | 6 94 75 Regions Visited 2 Branch Regions 1 Pre-discovered Areas . | . . . Known Exits Taken . | . . . Unknown Exits Taken 2 | 1 1 . Scrap Searched 1 | . . 1 Spaces Dug . | . . . Terrain Destroyed 71 | . 35 36 Melee . | . . . Projectile . | . . . AOE 71 | . 35 36 Terrain Rammed . | . . . Walls Destroyed . | . . . Machines Disabled . | . . . Actions | -11 -10 -10 --------- Run | Yrd Mat Min Total 1235 | 162 669 404 Wait 43 | . 41 2 Move 1049 | 122 554 373 Hop . | . . . Pick Up 19 | 11 7 1 Fast Attach 2 | 2 . . Attach 11 | 5 1 5 Detach . | . . . Swap 4 | 1 3 . Drop 5 | . 5 . Fire 94 | 21 52 21 Melee . | . . . Ram . | . . . Kick . | . . . Crush 8 | . 6 2 Escape Stasis . | . . . Rewire . | . . . Trap . | . . . Miscellaneous . | . . . Route ------- -11/Scrapyard -10/Materials (discovered 5 exits: [*Mat x3] / [*Min] / [*Sub]) -10/Mines (discovered 2 exits: [*Mat x2]) History --------- Turn | Location | Event 10 | -11/Scrapyard | Discovered new exit (range 14) 261 | -11/Scrapyard | Entered Materials 312 | -10/Materials | Build established: Mutant 396 | -10/Materials | Discovered new exit (range 9) 697 | -10/Materials | Discovered new exit (range 13) 778 | -10/Materials | Discovered new exit (range 16) 1151 | -10/Materials | Discovered new exit (range 6) 1220 | -10/Materials | Discovered new exit (range 16) 1358 | -10/Materials | Entered Mines 1400 | -10/Mines | Discovered new exit (range 4) 1458 | -10/Mines | A weapon hastily lodged in a ceiling crevice suddenly fell to the ground 1748 | -10/Mines | Learned Materials stockpile data 1820 | -10/Mines | Assembled infested the area 1845 | -10/Mines | Discovered new exit (range 6) 1848 | -10/Mines | Core integrity fell below 50% 1874 | -10/Mines | Core integrity fell below 20% 1887 | -10/Mines | Lost 4 parts (1n3w) 2082 | -10/Mines | Destroyed by as-63340 with Assembled Rifle Last Messages --------------- 01969_ The unstable cave ceiling collapses. 01969_ U-05 Engineer lays Concrete. 02003_ Acquired 79 matter. 02036_ as-80091 destroyed. 02052_ as-08986 knocked back. 02053_ Acquired 2 matter. 02055_ as-08986 knocked back. 02058_ as-08986 destroyed. 02059_ U-05 Engineer builds a Wall. 02063_ U-05 Engineer lays Concrete. 02063_ Lgt. Treads destroyed. 02064_ U-05 Engineer lays Concrete. 02067_ U-05 Engineer builds a Wall. 02071_ U-05 Engineer lays Concrete. 02072_ as-48295 suffers critical hit (Blast). 02072_ as-48295 destroyed. 02072_ U-05 Engineer lays Concrete. 02074_ U-05 Engineer builds a Wall. 02075_ as-63340 knocked back. 02078_ U-05 Engineer lays Concrete. Map ----- +----------------------------------------------------+ | ???????????????????????????????????????????? | | ???????????????????????????????????????????? | | ???????????????????????????????????????????? | | ???????????????????????????????????????????? | | ???????????????????????????????????????????? | | ???????????????????????????????????????????? | | ???????????????????????????????????????????? | | ???????????????????????????????????????????? | | ???????????????????????????????????????????? | | ???????????????????????????????????????????? | | ???????????????????????????????????????????? | | ???????????????????????????????????????????? | | ??????????????????###??????????????????????? | | ?????????????????? a#??????????????????????? | | ??????????????????#a#??????????????????????? | | ??????????????????#%#??????????????????????? | | ??????????????????#%#??????????????????????? | | ??????????????????# ###????????????????????? | | ??????????????????# %##???????????????????? | | ??????????????????# #???????????????????? | | ??????????????????#=! #???????????????????? | | ?????????????????##%! ##########???????????? | | ????????????????##%! #???????????? | | ????????????????# % #???????????? | | ???????????###### ######## #???????????? | | ??????????# @ ##??????# #???????????? | | ????????### ##### ###???????# ###?????????? | | ????????# ?##### ###???????# #?????????? | | ????????## ## # # % ##??????### #?????????? | | ???????### #%# ##????????# #?????????? | | ???????# #%### # #????????# ########### | | ?????############ # #????????# | | ?????#"% % # #????????# | | ?????# ########### # #????????############# | | ?????# ## # #### ##?##?????????????????# | | ???### # # # ## ##???????????????## | | ???# ## # ##??????????????# | | ???# ### < #??????????????# | | ???## ### # #??????????????# | | ????## #?## ##??????????????## | | ?????# #### ! ###???????????????# | | ????## #### =%## ### """????????????? | | ????# ### % ##?# ##?# """????????????? | | ????# ### ##??###??? ""??????????#### | | ????## ## ##??????? ?????????## # | | ?????### #??????? ????????## | | ???????# ## #??????? ????????# | | ???????# #### ##??????? ????????# | | ???????# #??####???????? < ????????## ## | | ??????## #??????????????# #?????????###?? | +----------------------------------------------------+ Best States ------------- Heat Dissipation 25 Energy Generation 10 Energy Capacity 250 Matter Stores 300 Matter Capacity 300 Sight Range 16 Terrain Scan Density 10 Evasion (%) 50 Recoil Reduction 2 Item Schematics ----------------- None Robot Schematics ------------------ None Fabricated ------------ Nothing Repaired ---------- Nothing Alien Tech Used ----------------- None Achievements -------------- None Challenges ------------ None Game ------ Seed PersonalMatterRail Manual? 0 Play Time 00:12:05 Cumulative 142.7 hours Start 2025.08.19 @ 15:56:54 End 2025.08.19 @ 16:06:38 Sessions 1 Manual Loads 0 Difficulty Rogue Special Mode None Game No. 199 Rogue 199 Adventurer 0 Explorer 0 Win Type - Total 1 Types 1/0/0/0/0/0/0/0/0/0 Lore% 70 Gallery% 63 Achievement% 53 Wizard Run 0 Options --------- Layout 0 ASCII 0 Keyboard 0 Movement Mouse Keybinds 0 Fullscreen 1 Font 16/SmallcapsGlow Map View 75x55 Zoom Use 0% Tactical HUD 1 Map Filters NONE Filters NONE Steam 1 RUN: deb68847-5364-4c79-9761-cd9b783fdd0c